 Dungeon Crawl Stone Soup version 0.30.1-11-g7821555f0a (webtiles) character file.

Game seed: 5253816116187021876

123 booth the Chopper (level 5, 0/47 HPs)
             Began as a Hill Orc Monk on Nov 29, 2023.
             Slain by an adder (4 damage)
             ... on level 3 of the Dungeon.
             The game lasted 00:10:23 (2329 turns).

booth the Chopper (Hill Orc Monk)                   Turns: 2329, Time: 00:10:23

Health: 0/47       AC: -1    Str: 16    XL:     5   Next: 7%
Magic:  5/5        EV: 12    Int: 10    God:
Gold:   48         SH:  0    Dex: 13    Spells: 4/4 levels left

rFire   . . .        a - +0 hand axe
rCold   . . .        d - orb {light}
rNeg    . . .        k - +0 leather armour
rPois   .            (no helmet)
rElec   .            (no cloak)
rCorr   .            (no gloves)
SInv    .            (no boots)
Will    .....        (no amulet)
Stlth   +            l - ring of flight
HPRegen 0.27/turn    (no ring)
MPRegen 0.09/turn

%: no passive effects
@: lethally poisoned (0 -> -1), corroded, flying, glowing
A: no striking features
a: no special abilities


You were on level 3 of the Dungeon.
You visited 1 branch of the dungeon, and saw 3 of its levels.

You collected 48 gold pieces.

Inventory:

Hand Weapons
 a - a +0 hand axe (weapon)
Armour
 d - an orb of light (worn)
 k - a +0 leather armour (worn)
Jewellery
 l - a ring of flight (left hand)
Wands
 b - a wand of light (6)
Scrolls
 e - a scroll of silence
 f - a scroll of amnesia {unknown}
 h - a scroll of fear {unknown}
 j - a scroll of magic mapping {unknown}
Potions
 c - a potion of ambrosia
 g - a potion of curing
 i - a potion of lignification


   Skills:
 + Level 4.8 Fighting
 * Level 6.4 Axes
 - Level 2.5 Dodging


You had 4 spell levels left.
You didn't know any spells.
Your spell library contained the following spells:

 Spells                   Type           Power      Damage    Failure   Level
 Apportation              Tloc           0%         N/A       43%         1
 Necrotise                Necr           0%         1d4       43%         1
 Summon Small Mammal      Summ           0%         N/A       43%         1
 Summon Forest            Summ/Tloc      0%         N/A       100%        5
 Summon Mana Viper        Hex/Summ       0%         N/A       100%        5
 Summon Cactus Giant      Summ           0%         N/A       100%        6


Dungeon Overview and Level Annotations

Branches:
Dungeon (3/15)

Altars:
Sif Muna


Message History

You see here a wand of light (11).
You hit the adder but do no damage. The adder bites you.
You are poisoned.
The adder poisons you!
You hit the adder.
The adder is lightly wounded.
You feel sick. The adder bites you but does no damage.
You closely miss the adder.
The adder is lightly wounded.
You hit the jelly.
Your hands burn!
You feel sick. The adder closely misses you. The jelly barely misses you.
You closely miss the adder.
The adder is lightly wounded.
You hit the jelly.
Your hands burn!
You feel sick. The adder bites you. The jelly hits you but does no damage.
The adder barely misses you.
You hit the adder.
The adder is lightly wounded.
You hit the jelly.
Your hands burn!
You feel sick. The jelly hits you. The acid corrodes you!
You are splashed with acid!
The adder misses you.
You barely miss the adder.
The adder is lightly wounded.
You hit the jelly.
Your hands burn!
You feel sick.
You are no longer poisoned.
The adder bites you.
* * * LOW HITPOINT WARNING * * *
You are poisoned.
The adder poisons you! The jelly closely misses you.
The jelly attacks as you move away! The jelly barely misses you.
You feel sick. The adder bites you.
* * * LOW HITPOINT WARNING * * *
The adder attacks as you move away! The adder barely misses you.
You feel sick. The adder attacks as you move away! The adder barely misses you.
You feel sick. The jelly attacks as you move away! The jelly barely misses you.
The adder attacks as you move away! The adder bites you.
* * * LOW HITPOINT WARNING * * *
You feel sick.
You hit the adder.
The adder is heavily wounded.
You feel sick. The adder closely misses you. The adder bites you.
You die...

### ... #.. #.# # #.#
.# #.# ..#
#####.########.>.###
#...../...JS@.......
#............###.#.###
.....#..####.###.#.#
#.## #..#<.......... #
#..#.##..##.#.#
#..#.##..# #.....#..#
#.##.##..# #.##..#


You could see a jelly and an adder.

Vanquished Creatures
  A gnoll (D:1)
  3 adders (D:2)
  2 worms (D:2)
  3 dart slugs
  4 orcs (D:2)
  11 endoplasms
  2 giant cockroaches (D:1)
  3 goblins
  5 hobgoblins
  7 jackals
  3 kobolds
  2 quokkas
  4 ball pythons
  6 bats
  4 frilled lizards (D:1)
  2 rats (D:2)
62 creatures vanquished.

Notes
Turn   | Place    | Note
-------+----------+-------------------------------------------
     0 | D:1      | booth the Hill Orc Monk began the quest for the Orb.
     0 | D:1      | Reached XP level 1. HP: 19/19 MP: 1/1
   191 | D:1      | Reached XP level 2. HP: 24/27 MP: 2/2
   489 | D:1      | Reached skill level 5 in Axes
   489 | D:1      | Reached XP level 3. HP: 9/33 MP: 3/3
   710 | D:1      | Found a faded altar of an unknown god.
  1070 | D:2      | Found a shimmering blue altar of Sif Muna.
  1112 | D:2      | Reached XP level 4. HP: 36/41 MP: 4/4
  1580 | D:2      | Reached skill level 6 in Axes
  2089 | D:2      | Reached XP level 5. HP: 39/47 MP: 5/5
  2329 | D:3      | Slain by an adder

Illustrated notes

Levels and vault maps discovered:
D:1:      wander_arrival_estate, layout_basic, chequers_ecumenical_altar_twisty
D:2:      layout_basic, basic_altar, minmay_tromino_v7
D:3:      layout_basic, uniq_grinder, uniq_crazy_yiuf_cottage

Skill      XL: |  1  2  3  4 |
---------------+-------------+-----
Fighting       | 4 |  4.8
Axes           | 5 6 |  6.4
Dodging        | |  2.5

Action                     |  1- 3 |  4- 6 || total
---------------------------+-------+-------++-------
  Melee: Hand axe          |    96 |   115 ||   211
    Use: Scroll            |     2 |     1 ||     3
 Armour: Robe              |    14 |     7 ||    21
         Leather armour    |       |    19 ||    19
  Dodge: Dodged            |    70 |    45 ||   115
